 Dungeon Crawl Stone Soup version 0.29-a0-283-ga02f740833 (webtiles) character file.

Game seed: 10385513831367611852

31 Anunax the Conjurer (level 3, -3/24 HPs)
             Began as a Human Conjurer on Mar 13, 2022.
             Slain by Terence
             ... wielding a +0 hand axe
              (6 damage)
             ... on level 2 of the Dungeon.
             The game lasted 00:05:00 (1900 turns).

Anunax the Conjurer (Human Conjurer)                Turns: 1900, Time: 00:05:00

Health: -3/24      AC:  2    Str:  7    XL:     3   Next: 40%
Magic:  6/6        EV: 12    Int: 20    God:
Gold:   77         SH:  0    Dex: 13    Spells: 3/6 levels left

rFire   . . .      SeeInvis .   k - staff of poison
rCold   . . .      Faith    .   (no shield)
rNeg    . . .      Spirit   .   a - +0 robe
rPois   +          Reflect  .   (helmet restricted)
rElec   .          Harm     .   (no cloak)
rCorr   .          Rampage  .   (no gloves)
Will    .....                   (no boots)
Stlth   +++.......              (no amulet)
HPRegen 0.08/turn               (no ring)
MPRegen 0.10/turn               (no ring)

@: brilliant
A: horns 1, thin skeletal structure 1
a: no special abilities


You were on level 2 of the Dungeon.
You visited 1 branch of the dungeon, and saw 2 of its levels.

You collected 77 gold pieces.

Inventory:

Hand Weapons
 f - a +3 dagger of draining
Armour
 a - a +0 robe (worn)
Magical Staves
 k - a staff of poison (weapon)
Scrolls
 c - 3 scrolls of identify {unknown}
 e - a scroll of enchant weapon {unknown}
 i - a scroll of vulnerability {unknown}
 j - 2 scrolls of blinking {unknown}
 m - a scroll of enchant armour {unknown}
 n - a scroll of fear {unknown}
Potions
 b - a potion of magic
 d - a potion of brilliance
 g - a potion of curing
 l - a potion of flight {unknown}


   Skills:
 + Level 2.2 Dodging
 + Level 2.2 Stealth
 + Level 0.2 Unarmed Combat
 + Level 2.1 Spellcasting
 + Level 4.6 Conjurations


You had 3 spell levels left.
You knew the following spells:

 Your Spells              Type           Power      Damage    Failure   Level
a - Magic Dart            Conj           100%       1d8       2%          1
b - Searing Ray           Conj           62%        2d6       3%          2

Your spell library contained the following spells:

 Spells                   Type           Power      Damage    Failure   Level
 Dazzling Flash           Conj/Hex       34%        N/A       19%         3
 Fulminant Prism          Conj/Hex       8%         3d7       52%         4
 Iskenderun's Mystic Bla  Conj/Tloc      17%        2d5       52%         4
 Summon Ice Beast         Ice/Summ       3%         N/A       83%         4
 Summon Mana Viper        Hex/Summ       3%         N/A       99%         5
 Monstrous Menagerie      Summ           1%         N/A       100%        7


Dungeon Overview and Level Annotations

Branches:
Dungeon (2/15)

Altars:

Annotations:
D:2 Terence


Innate Abilities, Weirdness & Mutations

You have a pair of small horns on your head.
You have a somewhat thin skeletal structure. (Dex +2, Stealth+)


Message History

Terence is moderately wounded.
Terence says, "How do you enjoy it?" Terence attacks as you move away!
Terence hits you with a +0 hand axe. Terence attacks as you move away!
Terence barely misses you. Terence hits you with a +0 hand axe.
Terence attacks as you move away! Terence hits you with a +0 hand axe.
Casting: Magic Dart (safe; 2% risk of failure)
Confirm with . or Enter, or press ? or * to list all spells.
Aiming: Magic Dart (safe; 2% risk of failure)
Press: ? - help, Shift-Dir - straight line, f/p - Terence
Aim: Terence, wielding a +0 hand axe and wearing a +2 scale mail of willpower (moderately wounded, 100% to hit)
The magic dart hits Terence.
Terence is heavily wounded.
Terence hits you with a +0 hand axe!
Casting: Magic Dart (safe; 2% risk of failure)
Confirm with . or Enter, or press ? or * to list all spells.
Aiming: Magic Dart (safe; 2% risk of failure)
Press: ? - help, Shift-Dir - straight line, f/p - Terence
Aim: Terence, wielding a +0 hand axe and wearing a +2 scale mail of willpower (heavily wounded, 100% to hit)
The magic dart hits Terence.
Terence is severely wounded.
Terence drinks a potion.
Terence is healed!
Casting: Magic Dart (safe; 2% risk of failure)
Confirm with . or Enter, or press ? or * to list all spells.
You don't have enough magic to cast this spell.
Unknown command.
Casting: Magic Dart (safe; 2% risk of failure)
Confirm with . or Enter, or press ? or * to list all spells.
You don't have enough magic to cast this spell.
Unknown command.
Terence is nearby!
Magic courses through your body. Terence hits you with a +0 hand axe.
* * * LOW HITPOINT WARNING * * *
It was a potion of mutation.
You feel extremely strange.
Your bones become slightly less dense.
A pair of horns grows on your head! Terence barely misses you.
It was a potion of brilliance.
You feel clever all of a sudden. Terence hits you with a +0 hand axe.
You die...

#.#.#####..
#.#...# #.#...#
#.#...# #.#...#
#.#.### #.#.#
#@#.# #@#.# #.#.#
#.#.# #.#.# #.#..
#.#.# #.#
#.################
#.#...............


You could see Terence.

Vanquished Creatures
  A dart slug (D:1)
  A ball python (D:1)
  2 bats
  3 endoplasms
  2 giant cockroaches (D:1)
  A goblin (D:2)
  2 hobgoblins
  5 quokkas
  A frilled lizard (D:1)
  6 kobolds
  2 rats (D:1)
26 creatures vanquished.

Vanquished Creatures (others)
  A fungus (D:2)
  2 plants (D:2)
3 creatures vanquished.

Grand Total: 29 creatures vanquished

Notes
Turn   | Place    | Note
-------+----------+-------------------------------------------
     0 | D:1      | Anunax the Human Conjurer began the quest for the Orb.
     0 | D:1      | Reached XP level 1. HP: 13/13 MP: 3/3
   353 | D:1      | Reached XP level 2. HP: 19/19 MP: 3/5
   676 | D:1      | Learned a level 2 spell: Searing Ray
   875 | D:1      | Reached XP level 3. HP: 24/24 MP: 3/6
  1872 | D:2      | Noticed Terence
  1899 | D:2      | Gained mutation: You have a somewhat thin skeletal
                  | structure. (Dex +2, Stealth+) [potion of mutation]
  1899 | D:2      | Gained mutation: You have a pair of small horns on your
                  | head. [potion of mutation]
  1900 | D:2      | Slain by Terence

Illustrated notes

Levels and vault maps discovered:
D:1:      scummos_arrival_checkerplants, layout_loops_ring, grunt_decor_cap
D:2:      layout_basic, shapermc_ecumenical_altar_acropolis, uniq_terence

Action                   || total
-------------------------++-------
Melee: Unarmed           ||     8
       Dagger            ||     3
       Staff             ||    12
 Cast: Magic Dart        ||    55
  Use: Potion            ||     3
 Stab: Sleeping          ||     1
Armor: Robe              ||     3
Dodge: Dodged            ||    20

Table legend: (Time is in decaauts)
 A = Elapsed time spent in this place.
 B = Non-inter-level travel time spent in this place.
 C = Inter-level travel time spent in this place.
 D = Time resting spent in this place.
 E = Time spent auto-exploring this place.
 F = Levels seen in this place.
 G = Mean time per level.
                   A        B        C        D        E       F      G
               +--------+--------+--------+--------+--------+-----+--------+
         Total |   1901 |   1876 |     25 |    542 |   1137 |   2 |  950.5 |
       Dungeon |   1901 |   1876 |     25 |    542 |   1137 |   2 |  950.5 |
               +--------+--------+--------+--------+--------+-----+--------+

Top non-repeatable levels by time:
     D:1: 1247 daAuts
     D:2: 654 daAuts
